 Dungeon Crawl Stone Soup version 0.29.1-2-gbd0b4ee654 (webtiles) character file.

Game seed: 11070681387290482165

142 Anriel the Slasher (level 5, -17/39 HPs)
             Began as a Human Gladiator on Oct 31, 2022.
             Demolished by a large abomination (28 damage)
             ... on level 1 of the Abyss on Nov 1, 2022.
             The game lasted 00:20:05 (2810 turns).

Anriel the Slasher (Human Gladiator)                Turns: 2810, Time: 00:20:06

Health: -17/39     AC:  7    Str: 16    XL:     5   Next: 49%
Magic:  14/14      EV: 10    Int:  9    God:
Gold:   139        SH:  0    Dex: 14    Spells: 4/4 levels left

rFire   . . .      SeeInvis +   a - +1 long sword
rCold   . . .      Faith    .   (no shield)
rNeg    . . .      Spirit   .   p - +0 scale mail
rPois   .          Reflect  .   c - +0 helmet
rElec   .          Harm     .   (no cloak)
rCorr   .          Rampage  .   (no gloves)
Will    .....                   (no boots)
Stlth   ..........              (no amulet)
HPRegen 0.13/turn               k - ring of see invisible
MPRegen 0.14/turn               j - ring of magical power

@: unable to read
A: [inability to read after injury 2]
a: no special abilities


You were on level 1 of the Abyss.
You visited 1 branch of the dungeon, and saw 3 of its levels.
You visited the Abyss 1 time.

You collected 139 gold pieces.

Inventory:

Hand Weapons
 a - a +1 long sword (weapon)
 h - a +0 short sword of protection
 o - a +2 short sword of electrocution
Missiles
 d - 3 throwing nets (quivered)
Armour
 c - a +0 helmet (worn)
 p - a +0 scale mail (worn)
Jewellery
 j - a ring of magical power (right hand)
 k - a ring of see invisible (left hand)
Wands
 r - a wand of roots (6)
Scrolls
 g - 2 scrolls of amnesia
 m - a scroll of immolation
Potions
 b - a potion of brilliance
 e - a potion of ambrosia
 i - a potion of lignification
 l - a potion of resistance
 q - a potion of magic


   Skills:
 + Level 2.4 Fighting
 + Level 4.2 Long Blades
 + Level 2.1 Throwing
 * Level 2.4 Armour
 + Level 3.6 Dodging


You had 4 spell levels left.
You didn't know any spells.
Your spell library contained the following spells:

 Spells                   Type           Power      Damage    Failure   Level
 Necrotise                Necr           0%         1d4       82%         1
 Sandblast                Erth           0%         2d4       82%         1
 Passwall                 Tmut/Erth      0%         N/A       91%         2
 Poisonous Vapours        Pois/Air       0%         N/A       91%         2
 Inner Flame              Hex/Fire       0%         N/A       99%         3
 Stone Arrow              Conj/Erth      0%         3d7       99%         3
 Cause Fear               Hex            0%         N/A       100%        4
 Corpse Rot               Necr/Pois/Air  0%         N/A       100%        4
 Discord                  Hex            0%         N/A       100%        8


Dungeon Overview and Level Annotations

Branches:
Dungeon (3/15)

Altars:
Qazlal
Lugonu

Portals:
Abyss: D:3


Innate Abilities, Weirdness & Mutations

[You sometimes lose the ability to read scrolls when taking damage.]


Message History

Here: a kobold, wielding a +2 whip of distortion A large open translucent door.
You hit the kobold.
The kobold is severely wounded.
The kobold hits you with a +2 whip of distortion!
You blink.
There is a large open translucent door here.
You hit the kobold.
You kill the kobold!
Things that are here:
a +2 whip of distortion; a kobold corpse
There is a large open translucent door here.
You hit the kobold.
The kobold is heavily wounded.
The kobold hits you with a +1 whip of distortion.
You barely miss the kobold.
The kobold is heavily wounded.
The kobold hits you with a +1 whip of distortion.
You are cast into the Abyss!
This branch contains the abyssal rune of Zot.
As you read the scroll labelled TIANUH ZAE, it crumbles to dust.
The air around you briefly surges with heat, but it dissipates.
It was a scroll of immolation.
As you read the scroll labelled IKUYC ECSIL, it crumbles to dust.
Magic quickly surges around you.
It was a scroll of vulnerability.
You feel your willpower return.
Okay, then.
The large abomination attacks as you move away!
The large abomination hits you!!
Ouch! That really hurt!
The large abomination attacks as you move away!
The large abomination hits you!
* * * LOW HITPOINT WARNING * * *
The wretched star pulses with an eldritch light!
You occasionally lose the ability to read scrolls when taking damage.
You lose the ability to read scrolls when taking damage more often.
You feel better. The large abomination hits you!!
You feel threatened and lose the ability to read scrolls!
Ouch! That really hurt!
You die...

..# # .. .##..# .....
#.#.###.# . #......##
#. ###...##.. .
.#..@# #.### ####..
#.#.X## ##... ... .#
#...#.###..##.##.#.#.
##.#..*##.#.#.....# .
#...............
#.... ....##........
..#.. . #..##.
#............ ... ###
. ##.#...#### #..# .
##...## #.. ...


You could see a wretched star and a large abomination.

Vanquished Creatures
  Jessica (D:2)
  An orc wizard (D:3)
  2 adders
  A worm (D:3)
  2 dart slugs (D:2)
  2 orcs (D:3)
  6 endoplasms
  3 giant cockroaches (D:2)
  7 goblins
  6 hobgoblins
  2 jackals (D:2)
  2 quokkas (D:3)
  6 ball pythons
  6 bats
  4 frilled lizards
  7 kobolds
  6 rats
64 creatures vanquished.

Vanquished Creatures (others)
  A fungus (D:1)
  A plant (D:1)
2 creatures vanquished.

Grand Total: 66 creatures vanquished

Notes
Turn   | Place    | Note
-------+----------+-------------------------------------------
     0 | D:1      | Anriel the Human Gladiator began the quest for the Orb.
     0 | D:1      | Reached XP level 1. HP: 16/16 MP: 1/1
   217 | D:1      | Found a faded altar of an unknown god.
   222 | D:1      | Reached XP level 2. HP: 22/22 MP: 2/2
   232 | D:1      | Got Plato's Volume of Space
   891 | D:2      | Reached XP level 3. HP: 19/27 MP: 3/3
   968 | D:2      | Reached skill level 1 in Armour
  1201 | D:2      | Reached XP level 4. HP: 30/33 MP: 4/4
  1209 | D:2      | Noticed Jessica
  1218 | D:2      | Killed Jessica
  2035 | D:3      | Reached skill level 4 in Long Blades
  2037 | D:3      | Reached XP level 5. HP: 28/38 MP: 5/5
  2284 | D:3      | Found a large runed translucent door.
  2284 | D:3      | Found a large runed translucent door.
  2286 | D:3      | Found a corrupted altar of Lugonu.
  2336 | D:3      | Found a stormy altar of Qazlal.
  2656 | D:3      | Found a one-way gate to the infinite horrors of the Abyss.
  2753 | Abyss:1  | Cast into level 1 of the Abyss (kobold)
  2791 | Abyss:1  | Noticed a large abomination
  2798 | Abyss:1  | Noticed a wretched star
  2810 | Abyss:1  | Demolished by a large abomination

Illustrated notes

Levels and vault maps discovered:
D:1:      minmay_arrival_solitary_statue, layout_loops_cross,
          shapermc_ecumenical_altar_rom_forum, chequers_garden
D:2:      kennysheep_six_static_rooms, layout_basic,
          minmay_misc_feat_four_crosses, uniq_jessica
D:3:      due_chaos_kobolds, layout_basic, grunt_qazlal_clouds,
          minmay_misc_feat_enclosed, kennysheep_generic_room_14
Abyss:1:  base: Temple, evilmike_abyss_exit_plants, minivault_11, minivault_11

Skill      XL: |  1  2  3  4 |
---------------+-------------+-----
Armour         | 1 2 |  2.4
Long Blades    | 4 |  4.2
Fighting       | |  2.4
Throwing       | |  2.1
Dodging        | |  3.6

Action                   |  1- 3 |  4- 6 || total
-------------------------+-------+-------++-------
Melee: Long sword        |   101 |   122 ||   223
Throw: Javelin           |     4 |       ||     4
  Use: Scroll            |     5 |     8 ||    13
       Potion            |       |     1 ||     1
Armor: Leather armour    |    32 |     8 ||    40
       Ring mail         |       |    12 ||    12
       Scale mail        |       |    19 ||    19
Dodge: Dodged            |    63 |    68 ||   131
